[Event "WTCC-65 2018"]
[Site "Radebeul"]
[Date "2018.07.13"]
[Round "7"]
[White "Ulrichsen, Jarl H"]
[Black "Sharif, Mehrshad"]
[Result "1/2-1/2"]
[ECO "D37"]
[WhiteElo "2196"]
[BlackElo "2353"]
[Annotator "NA"]
[PlyCount "27"]
[EventDate "2018.07.07"]
[EventType "team-tourn"]
[EventCountry "GER"]
[SourceTitle "playchess.com"]
[Source "ChessBase"]
[SourceQuality "1"]
[TimeControl "40/5400+30:1800+30"]

1. d4 d5 2. Nf3 Nf6 3. c4 e6 4. Nc3 Nbd7 5. e3 a6 6. Bd3 dxc4 7. Bxc4 b5 8. Be2 Bb7 9. O-O c5 10. b3 Bd6 11. Bb2 O-O 12. dxc5 Bxc5 13. Nd4 Ne5 14. Nf3 1/2-1/2

[Event "WTCC-65 2018"]
[Site "Radebeul"]
[Date "2018.07.13"]
[Round "7"]
[White "Singer, Hans"]
[Black "Mishuchkov, Nikolai M"]
[Result "1/2-1/2"]
[ECO "D38"]
[WhiteElo "2175"]
[BlackElo "2311"]
[Annotator "ChessBase"]
[PlyCount "150"]
[EventDate "2018.07.07"]
[EventType "team-tourn"]
[EventCountry "GER"]
[SourceTitle "playchess.com"]
[Source "ChessBase"]
[SourceQuality "1"]
[TimeControl "40/5400+30:1800+30"]

1. Nf3 d5 2. d4 Nf6 3. c4 e6 4. Nc3 Bb4 5. Bg5 h6 6. Bxf6 Qxf6 7. Qa4+ Nc6 8. e3 O-O 9. cxd5 exd5 10. Be2 Be6 11. O-O a6 12. Ne1 Bd6 13. Nd3 Ne7 14. e4 dxe4 15. Nxe4 Bxh2+ 16. Kxh2 Qh4+ 17. Kg1 Qxe4 18. Rfe1 Nf5 19. Nc5 Qxd4 20. Qa3 b6 21. Nxe6 fxe6 22. Rad1 Qf6 23. Bf3 Rae8 24. Qxa6 Nh4 25. Rd3 Qxb2 26. Qc4 Nxf3+ 27. Rxf3 Rxf3 28. gxf3 Qf6 29. Qxc7 e5 30. Qc4+ Kh8 31. Qe4 Rf8 32. Re3 Qg5+ 33. Kf1 Rc8 34. Re1 Rc5 35. a4 Qf4 36. Qxf4 exf4 37. Re4 Rf5 38. Re6 Ra5 39. Rxb6 Rxa4 40. Rb7 Kh7 41. Kg2 Kg6 42. Rb6+ Kh5 43. Rb7 g5 44. Rb6 Ra7 45. Kh3 Rg7 46. Ra6 Rg6 47. Ra5 Rb6 48. Ra2 Rb3 49. Kg2 Rb6 50. Ra8 Kg6 51. Rg8+ Kf5 52. Rh8 Kg6 53. Rg8+ Kh5 54. Rh8 Kh4 55. Rh7 h5 56. Rh8 Rf6 57. Rh7 g4 58. fxg4 f3+ 59. Kh2 Kxg4 60. Ra7 Rg6 61. Rf7 Rg5 62. Rf8 h4 63. Rf7 Rg8 64. Rf6 Ra8 65. Rg6+ Kf5 66. Rb6 Ra2 67. Rb5+ Ke4 68. Rb4+ Kd3 69. Rxh4 Rxf2+ 70. Kg3 Ke3 71. Re4+ Kxe4 72. Kxf2 Kf4 73. Kf1 Kg3 74. Kg1 f2+ 75. Kf1 Kf3 {Ke1} 1/2-1/2

[Event "WTCC-65 2018"]
[Site "Radebeul"]
[Date "2018.07.13"]
[Round "7"]
[White "Hammar, Bengt"]
[Black "Weiss, Werner"]
[Result "1-0"]
[ECO "A41"]
[WhiteElo "2159"]
[BlackElo "2116"]
[Annotator "NA"]
[PlyCount "64"]
[EventDate "2018.07.07"]
[EventType "team-tourn"]
[EventCountry "GER"]
[SourceTitle "playchess.com"]
[Source "ChessBase"]
[SourceQuality "1"]
[TimeControl "40/5400+30:1800+30"]

1. d4 d6 2. Nf3 Bf5 3. g3 Nd7 4. Bg2 c6 5. O-O Ngf6 6. c4 e5 7. Nc3 h6 8. d5 c5 9. Nh4 Bh7 10. e4 Be7 11. Nf5 Bxf5 12. exf5 O-O 13. a3 a6 14. Qe2 Re8 15. Ne4 Nxe4 16. Bxe4 Nf6 17. b4 cxb4 18. axb4 Rc8 19. Bd2 Nxe4 20. Qxe4 Bg5 21. Bxg5 Qxg5 22. Rfd1 g6 23. fxg6 f5 24. Qe2 f4 25. Qe4 b5 26. c5 dxc5 27. d6 Rf8 28. d7 Rcd8 29. bxc5 Qg4 30. c6 Qh3 31. Qd5+ Kg7 32. Qxe5+ Rf6 1-0

[Event "WTCC-65 2018"]
[Site "Radebeul"]
[Date "2018.07.13"]
[Round "7"]
[White "Sandmeier, Toni"]
[Black "Berry, Stephen H"]
[Result "0-1"]
[ECO "A20"]
[WhiteElo "2159"]
[BlackElo "2298"]
[Annotator "NA"]
[PlyCount "88"]
[EventDate "2018.07.07"]
[EventType "team-tourn"]
[EventCountry "GER"]
[SourceTitle "playchess.com"]
[Source "ChessBase"]
[SourceQuality "1"]
[TimeControl "40/5400+30:1800+30"]

1. c4 e5 2. g3 d6 3. Bg2 f5 4. Nc3 Nf6 5. e3 Be7 6. Nge2 O-O 7. O-O c6 8. d4 Na6 9. b3 Nc7 10. Ba3 e4 11. d5 c5 12. b4 b6 13. Rb1 Ng4 14. Qb3 Ne5 15. Rfd1 Ba6 16. bxc5 Bxc4 17. cxd6 Bxd6 18. Qa4 b5 19. Qa5 Nd3 20. Bxd6 Qxd6 21. Nf4 a6 22. Nxd3 Bxd3 23. Rbc1 Rfc8 24. Bf1 b4 25. Na4 Nxd5 26. Rxc8+ Rxc8 27. Nb2 Nc3 28. Nxd3 Nxd1 29. Qxf5 Re8 30. Nc5 Nc3 31. Nxa6 Rf8 32. Qh3 Kh8 33. g4 Nd1 34. Qg3 Qxg3+ 35. hxg3 Nxf2 36. Be2 Nd3 37. Bd1 Ra8 38. Nc7 Rxa2 39. Bb3 Re2 40. Nd5 Rb2 41. Ba4 b3 42. Nc3 Nc5 43. Bc6 Rc2 44. Nxe4 b2 0-1

[Event "WTCC-65 2018"]
[Site "Radebeul"]
[Date "2018.07.13"]
[Round "7"]
[White "Gneiss, Karl"]
[Black "Shushpanov, Vladimir"]
[Result "0-1"]
[ECO "B07"]
[WhiteElo "2090"]
[BlackElo "2198"]
[Annotator "NA"]
[PlyCount "98"]
[EventDate "2018.07.07"]
[EventType "team-tourn"]
[EventCountry "GER"]
[SourceTitle "playchess.com"]
[Source "ChessBase"]
[SourceQuality "1"]
[TimeControl "40/5400+30:1800+30"]

1. e4 d6 2. d4 Nf6 3. Nc3 c6 4. Nf3 Bg4 5. Be2 e6 6. O-O Be7 7. Be3 O-O 8. Qd2 d5 9. exd5 cxd5 10. h3 Bh5 11. Ne5 Bxe2 12. Qxe2 Nc6 13. Rfd1 Qb6 14. a3 Rac8 15. Qd3 Rfd8 16. b4 Qc7 17. Ne2 a6 18. Nxc6 Qxc6 19. Rdc1 Qc4 20. Qxc4 Rxc4 21. f3 Ne8 22. Kf2 Rdc8 23. c3 Nd6 24. Bf4 Nb5 25. Bd2 h6 26. a4 Nd6 27. Bf4 Nf5 28. g3 Bg5 29. Bxg5 hxg5 30. Ke1 Kf8 31. Kd2 Ke7 32. Rab1 f6 33. Rh1 e5 34. dxe5 fxe5 35. Rbc1 a5 36. bxa5 Rxa4 37. Ra1 Rac4 38. Rhb1 R8c7 39. Rb5 d4 40. cxd4 Nxd4 41. Rxe5+ Kf6 42. Re3 Nc2 43. Ra2 Nxe3 44. Kxe3 Rc2 45. Ra4 Re7+ 46. Re4 Rxe4+ 47. fxe4 Ra2 48. Nc3 Rxa5 49. Kd4 Ke6 0-1

[Event "WTCC-65 2018"]
[Site "Radebeul"]
[Date "2018.07.13"]
[Round "7"]
[White "Gundersen, Helge"]
[Black "Bernard, Christophe"]
[Result "1/2-1/2"]
[ECO "A01"]
[WhiteElo "2089"]
[BlackElo "2253"]
[Annotator "NA"]
[PlyCount "126"]
[EventDate "2018.07.07"]
[EventType "team-tourn"]
[EventCountry "GER"]
[SourceTitle "playchess.com"]
[Source "ChessBase"]
[SourceQuality "1"]
[TimeControl "40/5400+30:1800+30"]

1. b3 e5 2. Bb2 d6 3. e3 Nf6 4. d4 Nbd7 5. Nc3 c6 6. dxe5 dxe5 7. Nf3 Be7 8. Be2 O-O 9. O-O Qc7 10. Nd2 Rd8 11. Bf3 Nf8 12. Qe2 Ng6 13. g3 Be6 14. Rfd1 Nd5 15. e4 Nxc3 16. Bxc3 b5 17. Nf1 Bc5 18. Rxd8+ Rxd8 19. a4 b4 20. Bd2 Bd4 21. Rd1 c5 22. Ne3 Ne7 23. Bg4 Qd7 24. Bxe6 Qxe6 25. Nc4 f5 26. Bg5 fxe4 27. Bxe7 Qxe7 28. Nd2 h6 29. Nxe4 Kh8 30. Kg2 Rf8 31. Rd3 Qd7 32. Rf3 Rc8 33. Nd2 Qc6 34. Qe4 Qxe4 35. Nxe4 c4 36. g4 cxb3 37. cxb3 Rc1 38. Rd3 Re1 39. Kf3 Kg8 40. h4 Kf7 41. Ng3 Ke6 42. Kg2 Kd5 43. f3 {[%emt 0:07:31] [#]} g6 $1 44. h5 gxh5 45. gxh5 Rg1+ 46. Kh3 {[%emt 0:00:09] [#]} Rc1 $1 47. Nf5 Rc3 48. Ne3+ Ke6 49. Rxc3 bxc3 50. Nc2 Kf5 51. Kg3 a6 52. b4 Ba7 53. b5 axb5 54. axb5 Kg5 55. Ne1 Bb8 56. b6 Kxh5 57. Kh3 Kg5 58. Kg3 h5 59. Kf2 h4 60. Nc2 Kf4 61. Nb4 Kg5 62. Kg2 Kh5 63. Kh3 Kg5 1/2-1/2

[Event "WTCC-65 2018"]
[Site "Radebeul"]
[Date "2018.07.13"]
[Round "7"]
[White "Etzold, Ernst-Walter"]
[Black "Malmdin, Nils-Ake"]
[Result "0-1"]
[ECO "A46"]
[WhiteElo "2088"]
[BlackElo "2138"]
[Annotator "NA"]
[PlyCount "74"]
[EventDate "2018.07.07"]
[EventType "team-tourn"]
[EventCountry "GER"]
[SourceTitle "playchess.com"]
[Source "ChessBase"]
[SourceQuality "1"]
[TimeControl "40/5400+30:1800+30"]

1. d4 Nf6 2. Nf3 e6 3. g3 b6 4. Bg2 Bb7 5. O-O d6 6. c4 Nbd7 7. Nc3 Be7 8. Qc2 c5 9. d5 exd5 10. Nh4 g6 11. cxd5 O-O 12. a4 Re8 13. f4 Ng4 14. Bf3 Bxh4 15. Bxg4 Bf6 16. Bf3 Bd4+ 17. Kg2 a6 18. Nd1 f5 19. h4 Qe7 20. h5 Qf7 21. hxg6 hxg6 22. e3 Bg7 23. Qb3 Rab8 24. Nc3 Ba8 25. Bd2 Nf6 26. Rad1 Qd7 27. Qc2 b5 28. axb5 axb5 29. Bc1 b4 30. Ne2 Qf7 31. Qd3 Rb6 32. Rh1 Bb7 33. Ng1 Ba6 34. Qd2 Ng4 35. e4 Bd4 36. Bxg4 fxg4 37. Re1 Rxe4 0-1

[Event "WTCC-65 2018"]
[Site "Radebeul"]
[Date "2018.07.13"]
[Round "7"]
[White "Sobeck, Guenter"]
[Black "Wahlbom, Magnus"]
[Result "1/2-1/2"]
[ECO "A01"]
[WhiteElo "2033"]
[BlackElo "2172"]
[Annotator "NA"]
[PlyCount "131"]
[EventDate "2018.07.07"]
[EventType "team-tourn"]
[EventCountry "GER"]
[SourceTitle "playchess.com"]
[Source "ChessBase"]
[SourceQuality "1"]
[TimeControl "40/5400+30:1800+30"]

1. b3 e5 2. Bb2 d6 3. d4 Nd7 4. Nc3 g6 5. e4 Bg7 6. Nf3 exd4 7. Nxd4 Ngf6 8. Qd2 O-O 9. O-O-O Nc5 10. f3 a6 11. Kb1 Bd7 12. g4 b5 13. g5 Nh5 14. Nce2 Ne6 15. Nxe6 fxe6 16. Ng3 Bxb2 17. Kxb2 Nf4 18. h4 e5 19. Ne2 Be6 20. Nxf4 Rxf4 21. Be2 Qe7 22. Rdg1 Bf7 23. h5 gxh5 24. Rxh5 Kg7 25. Rh6 Bg6 26. Qd5 Rb8 27. Qc6 Rb6 28. Qd5 c6 29. Qd2 b4 30. Qe3 c5 31. Bc4 a5 32. Qd3 Rb8 33. Rg3 Qd7 34. Rh1 Rd8 35. Qe2 Kh8 36. Rgh3 Kg7 37. Rh6 Kf8 38. R1h3 Qg7 39. Qh2 Rd7 40. Bd5 Re7 41. Qe2 Rc7 42. Qb5 Ke7 43. Qxa5 Kd7 44. Qb5+ Ke7 45. Qb8 Kd7 46. Qb5+ Ke7 47. Qb6 Kd7 48. c3 bxc3+ 49. Kxc3 Rf8 50. a4 Qe7 51. Rg3 Qd8 52. Qb5+ Ke7 53. Rgh3 Rh8 54. a5 Qf8 55. Qb6 $18 Kd7 56. Be6+ Kxe6 57. Qxc7 Qf4 58. Kc2 Qe3 59. Qb7 Qe2+ 60. Kb1 Qe1+ 61. Kc2 Qf2+ 62. Kd3 Qf1+ 63. Ke3 Qe1+ 64. Kd3 Qf1+ 65. Kd2 Qf2+ {[%emt 0:00:16] Qb6 Qe2+} 66. Kc3 {Qxe4 fxe4} 1/2-1/2

[Event "WTCC-65 2018"]
[Site "Radebeul"]
[Date "2018.07.13"]
[Round "7"]
[White "Staub, Gerhard"]
[Black "Emerson, Roger"]
[Result "1/2-1/2"]
[ECO "B13"]
[WhiteElo "2013"]
[BlackElo "2211"]
[Annotator "NA"]
[PlyCount "34"]
[EventDate "2018.07.07"]
[EventType "team-tourn"]
[EventCountry "GER"]
[SourceTitle "playchess.com"]
[Source "ChessBase"]
[SourceQuality "1"]
[TimeControl "40/5400+30:1800+30"]

1. e4 c6 2. d4 d5 3. exd5 cxd5 4. Bd3 Nc6 5. c3 Qc7 6. Ne2 e5 7. dxe5 Nxe5 8. Bb5+ Bd7 9. Bxd7+ Qxd7 10. Bf4 Ng6 11. O-O Nxf4 12. Nxf4 Nf6 13. Qd4 Be7 14. Rd1 O-O 15. Nxd5 Nxd5 16. Qxd5 Qxd5 17. Rxd5 Rad8 1/2-1/2

[Event "WTCC-65 2018"]
[Site "Radebeul"]
[Date "2018.07.13"]
[Round "7"]
[White "Scovitin, Albert"]
[Black "Schulze, Ulrich"]
[Result "0-1"]
[ECO "A22"]
[WhiteElo "2004"]
[BlackElo "2313"]
[Annotator "NA"]
[PlyCount "116"]
[EventDate "2018.07.07"]
[EventType "team-tourn"]
[EventCountry "GER"]
[SourceTitle "playchess.com"]
[Source "ChessBase"]
[SourceQuality "1"]
[TimeControl "40/5400+30:1800+30"]

1. c4 e5 2. Nc3 Nf6 3. g3 Bb4 4. Bg2 Bxc3 5. bxc3 O-O 6. d3 Re8 7. e4 c6 {[%emt 0:03:11] A21: English Opening: 1...e5 2 Nc3} 8. Ne2 (8. Nf3 d5 9. cxd5 cxd5 10. exd5 Nxd5 11. Qc2 Qc7 12. O-O Qxc3 13. Qxc3 Nxc3 14. Bb2 Na4 15. Bxe5 {½-½ (33) Giri,A (2778)-Aronian,L (2781) London 2015 CBM 170 [Sagar Shah/CB Website]}) 8... d5 9. cxd5 cxd5 10. exd5 Nxd5 11. h3 Nc6 12. O-O Bf5 13. d4 exd4 14. cxd4 Qd7 $146 ({Predecessor:} 14... Be4 15. f3 {0-1 (32) Cruz,F (2355)-Liang,A (2495) Sitges 2016}) 15. Kh2 Be4 16. Bb2 Rad8 17. Rc1 h6 18. Qd2 Bxg2 19. Kxg2 Qe6 20. Rfe1 Qe4+ 21. Kh2 Qf5 22. Ng1 Ndb4 23. Rxe8+ Rxe8 24. Rc3 Rd8 25. a3 Rxd4 26. Qe2 Re4 27. Qd2 Nd5 28. Rc5 Nce7 29. Qc2 Qe6 30. Rc4 Rxc4 31. Qxc4 a6 32. Qd4 f6 33. Qd3 Qf5 34. Qe2 b5 35. Nf3 Kf7 36. Nh4 Qe6 37. Qh5+ Kf8 38. Qf3 g5 39. Ng2 Kg7 40. h4 Qf5 41. Qe2 Ng6 42. hxg5 hxg5 43. g4 Qd7 44. Qd2 Kf7 45. Qd4 Ne5 46. Kg3 Qd6 47. Qa7+ Qc7 48. Qxc7+ Nxc7 49. f4 Nd3 50. Bd4 Ne6 51. fxg5 Nxd4 52. gxf6 Kxf6 53. Ne3 Ke5 54. Kh4 Ke4 55. Nd1 Nc2 56. g5 Kf5 57. Kh5 Ne5 58. Kh6 $19 Nf7+ 0-1

[Event "WTCC-65 2018"]
[Site "Radebeul"]
[Date "2018.07.14"]
[Round "8"]
[White "Rashkovsky, Nukhim N"]
[Black "Buchal, Stephan"]
[Result "1-0"]
[ECO "A40"]
[WhiteElo "2483"]
[BlackElo "2329"]
[Annotator "ChessBase"]
[PlyCount "93"]
[EventDate "2018.07.07"]
[EventType "team-tourn"]
[EventCountry "GER"]
[SourceTitle "playchess.com"]
[Source "ChessBase"]
[SourceQuality "1"]
[TimeControl "40/5400+30:1800+30"]

1. d4 g6 2. Nf3 Bg7 3. g3 d6 4. Bg2 Nf6 5. O-O O-O 6. a4 Nbd7 7. a5 c6 8. c4 e5 9. Nc3 Re8 10. d5 cxd5 11. cxd5 b6 12. Nd2 a6 13. axb6 Nxb6 14. Nb3 Bf5 15. Na5 Qc8 16. Qb3 Nbd7 17. Qa3 Nc5 18. Be3 e4 19. Nc4 Qc7 20. Nxd6 Qxd6 21. Bxc5 Qd7 22. Rfd1 Bh3 23. Qa4 Qf5 24. Bd4 Bxg2 25. Kxg2 h5 26. h3 Rad8 27. Bxf6 Bxf6 28. d6 e3 29. Qf4 Qxf4 30. gxf4 exf2 31. Kxf2 Rb8 32. Rxa6 Rxb2 33. d7 Bh4+ 34. Kf3 Rd8 35. Ra7 Rb3 36. Rd3 Kg7 37. Nd5 Rb1 38. Ke4 Rb5 39. Kd4 Rdb8 40. Rc3 R5b7 41. Rxb7 Rxb7 42. Rc7 Rxc7 43. Nxc7 Bd8 44. Nd5 f6 45. Nb4 g5 46. fxg5 fxg5 47. Nc6 1-0

[Event "WTCC-65 2018"]
[Site "Radebeul"]
[Date "2018.07.14"]
[Round "8"]
[White "Sharif, Mehrshad"]
[Black "Wahlbom, Magnus"]
[Result "1-0"]
[ECO "A05"]
[WhiteElo "2353"]
[BlackElo "2185"]
[Annotator "NA"]
[PlyCount "62"]
[EventDate "2018.07.07"]
[EventType "team-tourn"]
[EventCountry "GER"]
[SourceTitle "playchess.com"]
[Source "ChessBase"]
[SourceQuality "1"]
[TimeControl "40/5400+30:1800+30"]

1. Nf3 Nf6 2. g3 c5 3. Bg2 Nc6 4. O-O g6 5. b3 Bg7 6. Bb2 O-O 7. c4 d5 8. cxd5 Nxd5 9. Bxg7 Kxg7 10. d4 cxd4 11. Nxd4 Nxd4 12. Qxd4+ Nf6 {[%emt 0:00:02] A05: Übergänge in verschiedene Eröffnungen} 13. Qe5 Qb6 14. Nc3 {[%emt 0:00:47] [#]} Kg8 $146 ({Vorgänger:} 14... Be6 15. Na4 Qb4 16. Qc5 a5 17. Qxb4 axb4 18. Bxb7 Ra5 19. Rfc1 Rd8 20. Rc5 {1-0 (67) Meier,G (2647)-Sebenik,M (2551) chess.com INT 2018}) 15. Na4 Qd6 16. Qxd6 exd6 17. Rfd1 Rd8 18. Rd2 Kf8 19. Rad1 Ke7 20. Nb2 Rb8 21. Nc4 Ne8 22. Na5 Rd7 23. Rd4 Rc7 $14 24. Nc4 Rd7 25. h3 b6 26. Bc6 Rd8 27. Bxe8 Kxe8 28. Nxd6+ Kf8 29. Nxc8 Rxd4 30. Rxd4 Rxc8 31. Rd2 Ke7 1-0

[Event "WTCC-65 2018"]
[Site "Radebeul"]
[Date "2018.07.14"]
[Round "8"]
[White "Schmidt, Bodo"]
[Black "Balashov, Yuri S"]
[Result "1/2-1/2"]
[ECO "A46"]
[WhiteElo "2344"]
[BlackElo "2423"]
[Annotator "ChessBase"]
[PlyCount "60"]
[EventDate "2018.07.07"]
[EventType "team-tourn"]
[EventCountry "GER"]
[SourceTitle "playchess.com"]
[Source "ChessBase"]
[SourceQuality "1"]
[TimeControl "40/5400+30:1800+30"]

1. d4 Nf6 2. Nf3 e6 3. e3 b6 4. Bd3 Bb7 5. O-O d5 6. b3 Nbd7 7. c4 Bd6 8. Nc3 a6 9. Bb2 O-O 10. cxd5 exd5 11. Rc1 Qe7 12. Ne2 Ne4 13. Ng3 f5 14. Qc2 Rf7 15. Qe2 b5 16. Rc2 c6 17. Rfc1 Rc8 18. a4 Rff8 19. axb5 axb5 20. Ra1 Ra8 21. Rxa8 Bxa8 22. Rc1 Bb7 23. Ra1 g6 24. Ra7 Rb8 25. Qe1 Bc7 26. Ba3 Qe6 27. Bb4 Bb6 28. Ra1 Bc7 29. Ba5 Bd6 30. Bb4 Bc7 1/2-1/2

[Event "WTCC-65 2018"]
[Site "Radebeul"]
[Date "2018.07.14"]
[Round "8"]
[White "Renman, Nils Gustaf"]
[Black "Vaisser, Anatoly"]
[Result "0-1"]
[ECO "A43"]
[WhiteElo "2343"]
[BlackElo "2502"]
[Annotator "RC"]
[PlyCount "52"]
[EventDate "2018.07.07"]
[EventType "team-tourn"]
[EventCountry "GER"]
[SourceTitle "playchess.com"]
[Source "ChessBase"]
[SourceQuality "1"]
[TimeControl "40/5400+30:1800+30"]

1. d4 Nf6 2. Nf3 c5 3. d5 b5 4. Bg5 Qb6 5. Bxf6 Qxf6 6. c3 Qb6 7. e4 g6 8. a4 b4 9. Nbd2 Bg7 10. Nc4 Qb7 11. Qc2 O-O 12. Bd3 d6 13. O-O a5 14. e5 Qc7 15. exd6 exd6 16. Ncd2 Nd7 17. Rfe1 bxc3 18. bxc3 Nb6 19. Bc4 Bf5 20. Qb3 Rab8 21. Bb5 c4 22. Qa3 Nxd5 23. Bxc4 Nxc3 24. Rac1 Rb4 25. Bd5 Qc5 26. Be4 Rxe4 0-1

[Event "WTCC-65 2018"]
[Site "Radebeul"]
[Date "2018.07.14"]
[Round "8"]
[White "Bellin, Robert"]
[Black "Baum, Bernd, Dr."]
[Result "1/2-1/2"]
[ECO "B24"]
[WhiteElo "2333"]
[BlackElo "2280"]
[Annotator "NA"]
[PlyCount "32"]
[EventDate "2018.07.07"]
[EventType "team-tourn"]
[EventCountry "GER"]
[SourceTitle "playchess.com"]
[Source "ChessBase"]
[SourceQuality "1"]
[TimeControl "40/5400+30:1800+30"]

1. e4 c5 2. Nc3 Nc6 3. Bb5 Nd4 4. Bc4 e6 5. Nge2 Nf6 6. O-O a6 7. d3 b5 8. Bb3 Bb7 9. Nxd4 cxd4 10. Ne2 Qb6 11. Bf4 d6 12. h3 Be7 13. Qd2 O-O 14. Kh1 Nd7 15. Bh2 Bf6 16. a3 Rac8 1/2-1/2

[Event "WTCC-65 2018"]
[Site "Radebeul"]
[Date "2018.07.14"]
[Round "8"]
[White "Klundt, Klaus"]
[Black "Lehmann, Karl-Heinz"]
[Result "1/2-1/2"]
[ECO "B42"]
[WhiteElo "2318"]
[BlackElo "2092"]
[Annotator "NA"]
[PlyCount "98"]
[EventDate "2018.07.07"]
[EventType "team-tourn"]
[EventCountry "GER"]
[SourceTitle "playchess.com"]
[Source "ChessBase"]
[SourceQuality "1"]
[TimeControl "40/5400+30:1800+30"]

1. e4 c5 2. Nf3 e6 3. d4 cxd4 4. Nxd4 a6 5. Bd3 Nc6 6. Nxc6 dxc6 7. Nd2 e5 8. O-O Nf6 9. Nc4 Qc7 10. a4 Be6 {[%emt 0:02:32] B42: Sicilian: Kan Variation: 5 Bd3} 11. Qf3 (11. Qe2 Bc5 12. a5 Bxc4 13. Bxc4 Bb4 14. Bg5 Ng8 15. f4 f6 16. Bh4 exf4 17. Bxg8 Bc5+ 18. Kh1 {1-0 (26) Leko,P (2691)-Quparadze,G (2506) Riadh 2017}) 11... Be7 12. Bd2 b5 ({Predecessor:} 12... Nd7 13. a5 O-O 14. Qg3 Kh8 15. Rfd1 Rad8 16. Be3 Bb4 17. Bd2 Bxd2 18. Nxd2 {½-½ (46) Korosec,S (2274)-Trani,F (2218) ICCF email 2002}) 13. axb5 cxb5 14. Ba5 Qb8 15. Nb6 Ra7 16. Nd5 Bxd5 17. exd5 O-O 18. Rfd1 Bd6 19. Re1 Re8 20. Bd2 e4 21. Bxe4 Bxh2+ 22. Kh1 Be5 23. c3 Ra8 24. Bc2 Qd6 25. Re2 Ra7 26. Rae1 Rae7 27. Bb3 Nd7 28. Bc2 Nf6 29. Bb3 Nd7 30. Bc2 Nf6 31. Bf4 Bxf4 32. Rxe7 Rxe7 33. Rxe7 Qxe7 34. Qxf4 g6 {[%emt 0:01:18] [#]} 35. d6 $1 Qe1+ 36. Kh2 Qe5 37. Qxe5 Ng4+ 38. Kg3 Nxe5 39. Kf4 f6 40. Ke4 Kf7 41. Kd5 Ke8 42. b3 Kd7 43. c4 Nc6 44. Kc5 Nd8 {[%emt 0:06:31] [#]} 45. Kd5 (45. Kb6 $1 $16) 45... Nc6 46. Bd1 Nb4+ 47. Kc5 Nd3+ 48. Kd5 Nb4+ $11 ({Much weaker is} 48... Nxf2 $6 49. Be2 $16) 49. Kc5 Nd3+ 1/2-1/2

[Event "WTCC-65 2018"]
[Site "Radebeul"]
[Date "2018.07.14"]
[Round "8"]
[White "Rotstein, Jefim"]
[Black "Faibisovich, Vadim Z"]
[Result "1/2-1/2"]
[ECO "C47"]
[WhiteElo "2318"]
[BlackElo "2312"]
[Annotator "NA"]
[PlyCount "65"]
[EventDate "2018.07.07"]
[EventType "team-tourn"]
[EventCountry "GER"]
[SourceTitle "playchess.com"]
[Source "ChessBase"]
[SourceQuality "1"]
[TimeControl "40/5400+30:1800+30"]

1. e4 e5 2. Nf3 Nc6 3. Nc3 Nf6 4. d4 exd4 5. Nxd4 Bb4 6. Nxc6 bxc6 7. Bd3 d5 8. exd5 cxd5 9. O-O O-O 10. Bg5 c6 11. Qf3 h6 12. Bxf6 Qxf6 13. Qxf6 gxf6 14. Ne2 Bd6 15. Rad1 {[%emt 0:01:54] C47: Scotch Four Knights and Four Knights with 4 g3} Be5 16. b3 {[%emt 0:00:55] [#]} a5 $146 ({Predecessor:} 16... Re8 17. c4 Be6 18. cxd5 Bxd5 19. Ng3 Bxg3 20. fxg3 Kg7 21. Rf4 Rad8 22. Bf1 Re5 {½-½ (89) Ghaem Maghami,E (2573)-Mchedlishvili,M (2652) Baku 2012}) 17. f4 Bc7 18. Ng3 Bg4 19. Rde1 Rfe8 20. Rxe8+ Rxe8 21. h3 $11 Bc8 22. Nh5 Bb6+ 23. Kh2 Bd4 24. c3 Bxc3 25. Rc1 Bd4 26. Rxc6 Bb7 27. Nxf6+ Kf8 28. Rc7 Bxf6 29. Rxb7 Re3 30. Bf5 Bh4 31. g4 Re2+ 32. Kh1 Rxa2 33. Rd7 1/2-1/2

[Event "WTCC-65 2018"]
[Site "Radebeul"]
[Date "2018.07.14"]
[Round "8"]
[White "Schulze, Ulrich"]
[Black "Pushkov, Nikolai"]
[Result "1/2-1/2"]
[ECO "A00"]
[WhiteElo "2313"]
[BlackElo "2311"]
[Annotator "NA"]
[PlyCount "75"]
[EventDate "2018.07.07"]
[EventType "team-tourn"]
[EventCountry "GER"]
[SourceTitle "playchess.com"]
[Source "ChessBase"]
[SourceQuality "1"]
[TimeControl "40/5400+30:1800+30"]

1. g3 d5 2. Bg2 Nf6 3. d3 e6 4. Nf3 Nbd7 5. O-O Bc5 6. b3 O-O 7. Bb2 a5 8. a3 Re8 9. Nbd2 e5 10. e4 dxe4 11. Nxe4 Nxe4 12. dxe4 Qe7 13. Qe2 b6 14. Rfd1 Ba6 15. Qe1 Bb7 16. Qc3 Bd6 17. Nd2 Nc5 18. Qe3 Ne6 19. Nc4 Bc5 20. Qe1 f6 21. Ne3 Bxe3 22. Qxe3 Rad8 23. c3 Rxd1+ 24. Rxd1 Rd8 25. Qe2 Nc5 26. f3 Ba6 27. Rxd8+ Qxd8 28. Qc2 Qd3 29. Qxd3 Bxd3 30. b4 Na4 31. Ba1 c5 32. Bh3 axb4 33. axb4 Bc4 34. Bd7 b5 35. Kf2 Kf7 36. Ke3 Ke7 37. Bh3 Kd6 38. Bg2 1/2-1/2

[Event "WTCC-65 2018"]
[Site "Radebeul"]
[Date "2018.07.14"]
[Round "8"]
[White "Clara, Hans Joachim"]
[Black "Rooze, Jan"]
[Result "1/2-1/2"]
[ECO "A36"]
[WhiteElo "2289"]
[BlackElo "2314"]
[Annotator "NA"]
[PlyCount "29"]
[EventDate "2018.07.07"]
[EventType "team-tourn"]
[EventCountry "GER"]
[SourceTitle "playchess.com"]
[Source "ChessBase"]
[SourceQuality "1"]
[TimeControl "40/5400+30:1800+30"]

1. c4 c5 2. Nc3 g6 3. g3 Bg7 4. Bg2 Nc6 5. e3 e5 6. Nge2 d6 7. O-O Nge7 8. d3 O-O 9. b3 Be6 10. Nd5 Rb8 11. Nec3 Qd7 12. Bb2 Bh3 13. Bxh3 Qxh3 14. Qe2 Nxd5 15. Nxd5 1/2-1/2

[Event "WTCC-65 2018"]
[Site "Radebeul"]
[Date "2018.07.14"]
[Round "8"]
[White "Khanukov, Boris"]
[Black "Karasev, Vladimir I"]
[Result "1-0"]
[ECO "A04"]
[WhiteElo "2273"]
[BlackElo "2337"]
[Annotator "NA"]
[PlyCount "101"]
[EventDate "2018.07.07"]
[EventType "team-tourn"]
[EventCountry "GER"]
[SourceTitle "playchess.com"]
[Source "ChessBase"]
[SourceQuality "1"]
[TimeControl "40/5400+30:1800+30"]

1. Nf3 c5 2. c4 Nf6 3. g3 b6 4. Bg2 Bb7 5. O-O e6 6. Nc3 a6 7. b3 Be7 8. Bb2 O-O 9. d4 cxd4 10. Qxd4 d6 11. Rad1 Nbd7 12. Ng5 {[%emt 0:04:55] A30: Symmetrical English: Double Fianchetto and Hedgehog} Bxg2 13. Kxg2 b5 $146 ({Predecessor:} 13... Qc7 14. Nge4 Rfd8 15. f3 Qc6 16. Nxf6+ Nxf6 17. Rc1 Qb7 18. a4 d5 19. cxd5 Bc5 20. Qd2 exd5 21. Nd1 Qe7 {½-½ (35) Miroiu,G (2325)-Filip,L (2454) Arad 2014}) 14. Nge4 bxc4 15. bxc4 Qb6 16. Ba3 Rfc8 17. Bxd6 Nxe4 18. Nxe4 Bxd6 19. Nxd6 Qxd4 20. Rxd4 Rc7 21. Rfd1 Ne5 22. Nb5 Re7 23. Nc7 Rf8 24. Nxa6 g5 25. c5 Nc6 26. Rd6 Rc8 27. Rb1 Ra7 28. Rb6 Ne5 29. Rb5 Nc4 30. Rd4 Rxa6 31. Rxc4 Rxa2 32. c6 h6 33. c7 Raa8 34. Rb7 Kg7 35. h4 Kf6 36. hxg5+ hxg5 37. Rc5 Kg6 38. e4 g4 39. e5 Kf5 40. Rb4 Kg5 41. Rf4 Rf8 42. Kf1 Rh8 43. Ke2 Ra2+ 44. Kd3 Ra3+ 45. Rc3 Rxc3+ 46. Kxc3 Rc8 47. Rxf7 Kg6 48. Re7 (48. Rd7 $142 Kg5 49. Kd4) 48... Kf5 49. Kd4 Ra8 50. Rf7+ Kg5 51. Ke4 1-0